 Dungeon Crawl Stone Soup version 0.29.1-15-g9cfb28693d (webtiles) character file.

Game seed: 7995959549709879897

479 Eitelfritz the Firebug (level 6, -1/42 HPs)
             Began as a Demonspawn Fire Elementalist on Mar 10, 2023.
             Slain by vampirul's ghost (4 damage)
             ... while paralysed
             ... on level 3 of the Dungeon.
             The game lasted 00:13:16 (4338 turns).

Eitelfritz the Firebug (DsFE)                       Turns: 4338, Time: 00:13:16

Health: -1/42      AC:  5    Str:  8    XL:     6   Next: 86%
Magic:  8/12       EV:  2    Int: 19    God:
Gold:   240        SH:  0    Dex: -1 (13) Spells: 1/13 levels left

rFire   . . .      SeeInvis .   a - +2 quarterstaff (drain)
rCold   . . .      Faith    .   (shield currently unavailable)
rNeg    . . .      Spirit   .   A - +0 robe
rPois   .          Reflect  +   q - +2 helmet
rElec   .          Harm     .   (no cloak)
rCorr   .          Rampage  .   (no gloves)
Will    .....                   (no boots)
Stlth   ..........              k - amulet of reflection
HPRegen 0.14/turn               (no ring)
MPRegen 0.26/turn               (no ring)

@: paralysed, slowed, lost dexterity
A: demonic guardian 1, magic regeneration, weakness stinger 1
a: no special abilities


You were on level 3 of the Dungeon.
You visited 1 branch of the dungeon, and saw 4 of its levels.

You collected 240 gold pieces.

Inventory:

Hand Weapons
 a - a +2 quarterstaff of draining (weapon)
 r - a +0 short sword of venom
 v - a +0 sling
Missiles
 g - 10 javelins
 p - 16 poisoned darts
Armour
 q - a +2 helmet (worn)
 A - a +0 robe (worn)
Jewellery
 k - an amulet of reflection (around neck)
 C - an amulet of magic regeneration
Wands
 n - a wand of flame (16)
 w - a wand of paralysis (7)
 y - a wand of polymorph (11)
Scrolls
 l - 2 scrolls of teleportation
Potions
 j - 3 potions of curing
 m - 3 potions of flight
 o - a potion of mutation
 u - 2 potions of resistance
 x - a potion of might {unknown}
 z - a potion of heal wounds {unknown}
 B - a potion of brilliance {unknown}


   Skills:
 + Level 0.6 Fighting
 + Level 0.7 Short Blades
 + Level 2.8 Dodging
 + Level 3.1 Stealth
 + Level 0.6 Shields
 + Level 4.0 Spellcasting
 + Level 2.4 Conjurations
 + Level 4.2 Fire Magic


You had one spell level left.
You knew the following spells:

 Your Spells              Type           Power      Damage    Failure   Level
a - Foxfire               Conj/Fire      64%        2x1d7     3%          1
b - Scorch                Fire           40%        2d7       3%          2
c - Conjure Flame         Conj/Fire      16%        6-21      11%         3
d - Flame Wave            Conj/Fire      16%        2d7       34%         4
e - Summon Small Mammal   Summ           12%        N/A       14%         1
f - Necrotise             Necr           12%        1d4       14%         1

Your spell library contained the following spells:

 Spells                   Type           Power      Damage    Failure   Level
 Apportation              Tloc           6%         N/A       14%         1
 Inner Flame              Hex/Fire       11%        N/A       17%         3
 Blink                    Tloc           6%         N/A       21%         2
 Call Canine Familiar     Summ           3%         N/A       38%         3
 Lesser Beckoning         Tloc           3%         N/A       38%         3
 Summon Guardian Golem    Hex/Summ       3%         N/A       38%         3
 Manifold Assault         Tloc           3%         N/A       98%         5
 Storm Form               Tmut/Air       1%         N/A       100%        7


Dungeon Overview and Level Annotations

Branches:
Dungeon (4/15)
 Temple: D:4-7

Altars:
Xom

Shops:
D:4 =

Annotations:
D:3 1 transporter, vampirul's ghost, amateur GnAM


Innate Abilities, Weirdness & Mutations

A weak demonic guardian rushes to your aid.
You regenerate magic rapidly.
You have a small tail.


Message History

The quasit claws you but does no damage. x2
The quasit bites you.
You feel clumsy. The quasit barely misses you. You block the quasit's attack.
Your white imp hits the quasit.
Your white imp freezes the quasit.
The quasit resists.
Casting: Scorch (safe; 3% risk of failure)
Confirm with . or Enter, or press ? or * to list all spells.
Flames lash vampirul's ghost.
Vampirul's ghost is burned terribly!
Vampirul's ghost is heavily damaged.
The quasit is no longer more vulnerable to fire.
The quasit bites you but does no damage.
The quasit claws you but does no damage. x2
The quasit barely misses you.
The quasit claws you but does no damage. x2
Vampirul's ghost closely misses you. The quasit bites you.
* * * LOW HITPOINT WARNING * * *
You feel clumsy. The quasit claws you.
* * * LOW HITPOINT WARNING * * *
You feel clumsy.
You have lost your dexterity.
The quasit claws you but does no damage.
The quasit bites you.
* * * LOW HITPOINT WARNING * * *
You feel clumsy.
The quasit claws you but does no damage.
The quasit completely misses you.
Your white imp hits the quasit.
Your white imp freezes the quasit.
The quasit resists.
Vampirul's ghost stares at you. Vampirul's ghost hits you.
* * * LOW HITPOINT WARNING * * *
x2 The quasit bites you but does no damage.
The quasit claws you but does no damage. x2
The quasit bites you.
* * * LOW HITPOINT WARNING * * *
The quasit claws you but does no damage. x2
Your white imp gestures at the quasit.
The puff of frost hits the quasit.
The quasit resists.
Vampirul's ghost hits you.
You die...

.##.##...........# #.#
.##......######..# #.############
.##..###.######..# #............#
.##..# #.........#####..#######.#
.##..###.#######..............#.#
.........######...####.©.####...#
###.##.#....##..###..#####..##..#
###.##.####.##.##55#..$!.....#..#
....##.###...#.#@W..###=..##.##.#
##...>.........##5#.....#.....#.#
#.#######...#..#...#..©..##..#.#
#.# ##.###.#..##..#......#(# #.#
#.# #.#....#...#...##.# #.#
######.###.##......#...©#..# #.#
#...........##.###..#####.##
#.###.####.##.#..###©####.....#
#.....# #.##.##..........###.#


You could see 2 quasits, vampirul's ghost (combustible) and a friendly white imp
(summoned).

Vanquished Creatures
  Sigmund (D:2)
  2 quasits (D:3)
  A hound (D:4)
  An iguana (D:4)
  3 gnolls (D:4)
  3 adders
  2 worms
  6 orcs (D:3)
  8 endoplasms
  3 giant cockroaches (D:2)
  7 goblins
  12 hobgoblins
  3 jackals (D:1)
  5 kobolds
  7 quokkas
  5 ball pythons
  8 bats
  4 frilled lizards
  7 rats
88 creatures vanquished.

Vanquished Creatures (collateral kills)
  A hound (D:4)
  An adder (D:2)
  2 worms (D:2)
4 creatures vanquished.

Vanquished Creatures (others)
  168 foxfires
168 creatures vanquished.

Grand Total: 260 creatures vanquished

Notes
Turn   | Place    | Note
-------+----------+-------------------------------------------
     0 | D:1      | Eitelfritz the Demonspawn Fire Elementalist began the quest
                  | for the Orb.
     0 | D:1      | Reached XP level 1. HP: 13/13 MP: 3/3
   376 | D:1      | Found a faded altar of an unknown god.
   384 | D:1      | Gained mutation: You regenerate magic rapidly. [demonic
                  | ancestry]
   384 | D:1      | Reached XP level 2. HP: 19/19 MP: 3/5
   984 | D:1      | Gained mutation: A weak demonic guardian rushes to your
                  | aid. [demonic ancestry]
   984 | D:1      | Reached XP level 3. HP: 24/24 MP: 6/6
  1105 | D:1      | Learned a level 2 spell: Scorch
  1109 | D:1      | Learned a level 3 spell: Conjure Flame
  1608 | D:2      | Noticed Sigmund
  1620 | D:2      | Killed Sigmund
  1621 | D:2      | Reached XP level 4. HP: 27/30 MP: 5/9
  1621 | D:2      | Reached XP level 5. HP: 31/35 MP: 5/10
  1666 | D:2      | Learned a level 4 spell: Flame Wave
  2272 | D:2      | Learned a level 1 spell: Summon Small Mammal
  2766 | D:3      | Found a transporter.
  2773 | D:3      | Noticed vampirul's ghost (amateur GnAM)
  2787 | D:3      | Found a transporter.
  2831 | D:3      | Gained mutation: You have a small tail. [demonic ancestry]
  2831 | D:3      | Reached XP level 6. HP: 41/41 MP: 8/11
  3327 | D:3      | Found a shimmering altar of Xom.
  3329 | D:3      | Found a hide-covered altar of Uskayaw.
  3329 | D:3      | Found a shimmering altar of Xom.
  3361 | D:3      | Found a blossoming altar of Fedhas.
  3361 | D:3      | Found an ancient bone altar of Kikubaaqudgha.
  3465 | D:4      | Learned a level 1 spell: Necrotise
  4013 | D:4      | Found Myoseun's Jewellery Boutique.
  4337 | D:3      | Lost dexterity.
  4338 | D:3      | Slain by vampirul's ghost

Illustrated notes

Levels and vault maps discovered:
D:1:      dpeg_arrival_chambers_temple_mockup, layout_basic,
          hellmonk_ecumenical_altar_pennies_from_heaven,
          corexii_item_surrounded_by_moat
D:2:      layout_rooms, uniq_sigmund
D:3:      layout_loops_ring, doesnt_xom_only_xom, gammafunk_ghost_stat_death
D:4:      layout_cave_pools, serial_shops, nicolae_shop_hallway_plus

Skill      XL: |  1  2  3  4  5  6 |
---------------+-------------------+-----
Fire Magic     | 3 4 |  4.2
Dodging        | 2 |  2.8
Stealth        | 2 3 |  3.1
Spellcasting   | 3 4 |  4.0
Conjurations   | 2 |  2.4
Fighting       | |  0.6
Short Blades   | |  0.7
Shields        | |  0.6

Action                   |  1- 3 |  4- 6 || total
-------------------------+-------+-------++-------
Melee: Dagger            |    10 |     4 ||    14
       Unarmed           |     1 |       ||     1
       Short sword       |       |    20 ||    20
       Quarterstaff      |       |     7 ||     7
 Cast: Foxfire           |    52 |    46 ||    98
       Scorch            |       |    29 ||    29
  Use: Scroll            |       |    14 ||    14
       Potion            |       |     2 ||     2
 Stab: Sleeping          |     2 |     5 ||     7
Armor: Robe              |    10 |    64 ||    74
Dodge: Dodged            |    57 |   117 ||   174
Block: Other             |     3 |    47 ||    50
       Reflection        |       |     1 ||     1
